 Dungeon Crawl Stone Soup version 0.18-a0-1640-g8b6524e (webtiles) character file.

3486 zxpr0jk the Cleaver (level 9, -1/84 HPs)
             Began as a Minotaur Fighter on Mar 28, 2016.
             Was a Follower of Qazlal.
             Killed by the air
             ... invoked by Gastronok
              (34 damage)
             ... on level 8 of the Dungeon.
             The game lasted 00:11:02 (5425 turns).

zxpr0jk the Cleaver (Minotaur Fighter)              Turns: 5425, Time: 00:11:02

Health: -1/84      AC: 18    Str: 20    XL:     9   Next: 79%
Magic:  14/17      EV:  5    Int:  5    God:    Qazlal [*.....]
Gold:   482        SH: 12    Dex: 15    Spells: 0 memorised, 8 levels left

rFire  + . .     SeeInvis .     a - +0 war axe
rCold  . . .     Gourm    .     E - +1 chain mail {rF+}
rNeg   . . .     Faith    .     c - +0 shield
rPois  .         Spirit   .     (helmet restricted)
rElec  .         Dismiss  .     G - +0 cloak
rCorr  .         Reflect  .     v - +0 pair of gloves
SustAt .         Harm     .     C - +0 pair of boots
MR     .....                    (no amulet)
Stlth  ..........               K - +3 ring of dexterity
                                N - ring of magical power

@: slowed, heavily drained, very slow, not resistant to hostile enchantments,
extremely unstealthy
A: retaliatory headbutt, horns 2, iridescent scales 1, regeneration 1, weak 1
a: Renounce Religion


You were on level 8 of the Dungeon.
You worshipped Qazlal.
Qazlal was aware of your devotion.
You were very hungry.

You visited 1 branch of the dungeon, and saw 8 of its levels.

You collected 482 gold pieces.

Inventory:

Hand Weapons
 a - a +0 war axe (weapon)
Missiles
 j - 6 tomahawks of returning (quivered)
 Q - 13 tomahawks
Armour
 c - a +0 shield (worn)
 v - a +0 pair of gloves (worn)
 C - a +0 pair of boots (worn)
 E - a +1 chain mail of fire resistance (worn)
 G - a +0 cloak (worn)
 R - a cursed +0 plate armour
Jewellery
 K - a +3 ring of dexterity (right hand)
 N - a ring of magical power (left hand)
Wands
 z - a wand of teleportation (5/9)
 F - a wand of hasting (6/9)
 I - a wand of flame (20/48)
 O - a wand of random effects (34/48)
Scrolls
 d - a scroll of blinking {unknown}
 e - 3 scrolls of enchant armour {unknown}
 i - 2 scrolls of enchant weapon {unknown}
 m - a scroll of fear {unknown}
 n - 11 scrolls of identify {unknown}
 o - 2 scrolls of recharging {unknown}
 q - 5 scrolls of remove curse {unknown}
 r - a scroll of immolation {unknown}
 s - 3 scrolls of amnesia {unknown}
 w - 3 scrolls of random uselessness {unknown}
 x - a scroll of magic mapping {unknown}
 y - a scroll of vulnerability {unknown}
 A - 2 scrolls of fog {unknown}
 L - a scroll of noise {unknown}
 M - 2 scrolls of teleportation {unknown}
Potions
 h - 4 potions of flight {unknown}
 k - a potion of lignification {unknown}
 p - 2 potions of invisibility {unknown}
 u - a potion of curing
 B - 3 potions of heal wounds {unknown}
 D - a potion of degeneration {unknown}
 H - a potion of resistance {unknown}
 J - 2 potions of magic {unknown}
Books
 b - a Fen Folio

   Spells                             Type                      Level
   a - Corpse Rot                     Necromancy                   2
   b - Stone Arrow                    Conjuration/Earth            3
   c - Leda's Liquefaction            Hexes/Earth                  4
   d - Summon Forest                  Summoning/Translocation      5
   e - Hydra Form                     Transmutation                6
   f - Summon Hydra                   Summoning                    7
 g - a book of Fire

   Spells                             Type                      Level
   a - Ignite Poison                  Fire/Transmutation/Poison    3
   b - Fireball                       Conjuration/Fire             5
   c - Bolt of Fire                   Conjuration/Fire             6
   d - Delayed Fireball               Conjuration/Fire             7
   e - Ring of Flames                 Charms/Fire                  7
 P - a book of Conjurations

   Spells                             Type                      Level
   a - Magic Dart                     Conjuration                  1
   b - Searing Ray                    Conjuration                  2
   c - Dazzling Spray                 Conjuration/Hexes            3
   d - Fulminant Prism                Conjuration/Hexes            4
   e - Iskenderun's Mystic Blast      Conjuration                  4
   f - Iskenderun's Battlesphere      Conjuration/Charms           5
Comestibles
 f - 8 bread rations
 l - a slice of pizza
 t - a beef jerky


   Skills:
 - Level 9.5(7.8) Fighting
 - Level 12.4(10.6) Axes
 + Level 6.1(4.5) Armour
 + Level 5.9(4.4) Shields


You had 8 spell levels left.
You didn't know any spells.

Dungeon Overview and Level Annotations

Branches:
Dungeon (8/15)             Temple (0/1) D:4
   Lair: D:8-11

Altars:
Elyvilon
Gozag
Qazlal
Sif Muna
Trog
Xom
Yredelemnul
Zin

Annotations:
D:8 Gastronok


Innate Abilities, Weirdness & Mutations

You reflexively headbutt those who attack you in melee.
You have a pair of horns on your head.
You are partially covered in iridescent scales (AC +4).
Your natural rate of healing is unusually fast.
You are weak. (Str -2)


Message History

Gastronok is severely wounded.
Gastronok waves his eye-stalks in wide circles.
The air twists around and strikes you!
* * * LOW HITPOINT WARNING * * *
Unknown command.
You slash Gastronok!
Gastronok is severely wounded.
Gastronok bites you but does no damage.
Unknown command.
Drink which item? (? for menu, Esc to quit)
You feel better. Gastronok looks at you while chanting.
You feel as though you will be slow longer.
Drink which item? (? for menu, Esc to quit)
You feel better.
You slash Gastronok! You headbutt Gastronok.
Gastronok is almost dead.
Gastronok waves his eye-stalks in wide circles.
The air twists around and strikes you!
You die...

........# ###....#
.......... .# ##..##
.......... .### #####
..........# .....
..........# .....
..........# ......
.........# #......
.........# ####§......
.........#####.(@.......
.....§...#.....##w......
...........##### .......
........#### .......
.....#### ....... ....##
....... ..### #......
### ...... #


You could see Gastronok.

Vanquished Creatures
  Pikel (D:7)
  Prince Ribbit (D:6)
  Sigmund (D:4)
  Eustachio (D:6)
  A hungry ghost (D:8)
  A hippogriff (D:8)
  Edmund (D:5)
  Menkaure (D:6)
  Duvessa (D:5)
  An orc warrior (D:7)
  The ghost of kyurah the Grave Robber, an amateur DDNe (D:3)
  4 ogres
  A big kobold (D:8)
  2 giant frogs
  Blork the orc (D:6)
  2 scorpions
  Dowan (D:5)
  A water moccasin skeleton (D:4)
  3 killer bees (D:7)
  5 wights (D:8)
  2 crimson imps (D:8)
  A giant frog skeleton (D:8)
  3 hounds
  2 orc priests
  A jelly (D:7)
  3 orc wizards
  Crazy Yiuf (D:5)
  An iguana (D:5)
  5 worker ants
  Robin (D:2)
  6 adders
  2 oozes
  5 worms
  3 dart slugs
  3 giant geckos
  25 orcs
  3 bats
  2 giant cockroaches (D:1)
  11 goblins
  12 hobgoblins
  6 jackals
  5 quokkas
  3 ball pythons (D:4)
  8 giant newts
  12 kobolds
  A quokka skeleton (D:5)
  A quokka zombie (D:8)
  12 rats
  A spectral orc (D:6)
172 creatures vanquished.

Vanquished Creatures (others)
  2 slaves (D:7)
  A giant gecko (D:7)
3 creatures vanquished.

Grand Total: 175 creatures vanquished

Notes
Turn   | Place    | Note
--------------------------------------------------------------
     0 | D:1      | zxpr0jk the Minotaur Fighter began the quest for the Orb.
     0 | D:1      | Reached XP level 1. HP: 19/19 MP: 0/0
   132 | D:1      | Reached XP level 2. HP: 21/27 MP: 1/1
   176 | D:1      | Reached skill level 3 in Axes
   792 | D:2      | Noticed Robin
   796 | D:2      | Reached XP level 3. HP: 19/33 MP: 2/2
   803 | D:1      | HP: 1/33 [goblin[Robin] (1)]
  1084 | D:2      | Reached skill level 4 in Axes
  1094 | D:2      | Killed Robin
  1227 | D:2      | Reached XP level 4. HP: 33/40 MP: 3/3
  1686 | D:2      | Found a shimmering altar of Xom.
  1688 | D:2      | Reached skill level 5 in Axes
  1927 | D:3      | Found an opulent altar of Gozag.
  1947 | D:3      | Reached XP level 5. HP: 29/47 MP: 4/4
  1964 | D:3      | Noticed kyurah's ghost (amateur DDNe)
  1978 | D:3      | Killed kyurah's ghost
  1978 | D:3      | Reached skill level 5 in Fighting
  1978 | D:3      | Reached skill level 6 in Axes
  2112 | D:3      | Reached XP level 6. HP: 39/56 MP: 5/5
  2113 | D:3      | Gained mutation: You are partially covered in iridescent scales (AC +4). [potion of mutation]
  2113 | D:3      | Gained mutation: You are weak. (Str -2) [potion of mutation]
  2113 | D:3      | Gained mutation: Your natural rate of healing is unusually fast. [potion of mutation]
  2520 | D:4      | Found a glowing silver altar of Zin.
  2544 | D:4      | Reached skill level 7 in Axes
  2554 | D:4      | Noticed Sigmund
  2573 | D:4      | Killed Sigmund
  2642 | D:4      | Found a deep blue altar of Sif Muna.
  2646 | D:4      | Found a stormy altar of Qazlal.
  2651 | D:4      | Reached XP level 7. HP: 60/63 MP: 6/6
  2663 | D:4      | Reached skill level 8 in Axes
  2671 | D:4      | Became a worshipper of Qazlal Stormbringer
  2702 | D:4      | Found a staircase to the Ecumenical Temple.
  2938 | D:5      | Entered Level 5 of the Dungeon
  2938 | D:5      | Noticed Dowan
  2939 | D:5      | Noticed Duvessa
  2942 | D:5      | Killed Dowan
  2950 | D:5      | Killed Duvessa
  3044 | D:5      | Found a white marble altar of Elyvilon.
  3364 | D:5      | Reached skill level 9 in Axes
  3367 | D:5      | Found an opulent altar of Gozag.
  3390 | D:5      | Noticed Edmund
  3408 | D:5      | Killed Edmund
  3408 | D:5      | Reached XP level 8. HP: 45/73 MP: 7/7
  3634 | D:5      | Noticed Crazy Yiuf
  3640 | D:5      | Killed Crazy Yiuf
  3817 | D:6      | Noticed Menkaure
  3825 | D:6      | Killed Menkaure
  3825 | D:6      | Reached skill level 10 in Axes
  3911 | D:6      | Noticed a moth of wrath
  3913 | D:6      | Noticed Blork the orc
  3917 | D:6      | Killed Blork the orc
  3918 | D:6      | Found a bloodstained altar of Trog.
  4021 | D:6      | Found a bloodstained altar of Trog.
  4098 | D:6      | Found a basalt altar of Yredelemnul.
  4102 | D:6      | Reached * piety under Qazlal
  4148 | D:6      | Noticed Eustachio
  4150 | D:6      | Noticed Prince Ribbit
  4168 | D:6      | Killed Prince Ribbit
  4168 | D:6      | Reached skill level 11 in Axes
  4187 | D:6      | Killed Eustachio
  4312 | D:7      | Noticed Pikel
  4322 | D:7      | Killed Pikel
  4322 | D:7      | Reached XP level 9. HP: 41/83 MP: 8/8
  4375 | D:7      | Reached skill level 12 in Axes
  5282 | D:8      | Reached skill level 5 in Armour
  5308 | D:8      | Reached skill level 5 in Shields
  5363 | D:8      | Noticed Gastronok
  5406 | D:8      | Reached ** piety under Qazlal
  5425 | D:8      | Killed from afar by Gastronok

Vault maps used:
D:1:      saegor_arrival_under_anarchy
D:2:      tgw_xom, uniq_robin
D:3:      nicolae_overflow_crystal_walls, kennysheep_generic_room_14
D:4:      zin_academy, grunt_temple_overflow_open,
          minmay_temple_entry_statues_fountains, first_bread, uniq_sigmund
D:5:      elyvilon_altar_4, basic_altar, grunt_decor_arrowhead, uniq_duvessa,
          uniq_edmund, uniq_crazy_yiuf_cottage
D:6:      yredelemnul_forgotten_temple_becter, lemuel_round_altar,
          hangedman_abyss_or_decor_stagger, tgw_trog, uniq_eustachio,
          uniq_menkaure, uniq_prince_ribbit1, uniq_blork_the_orc
D:7:      kennysheep_boxes, uniq_pikel
D:8:      minmay_goldmine, uniq_gastronok

Skill      XL: |  1  2  3  4  5  6  7  8  9 |
---------------+----------------------------+-----
Axes           | 3 4 5 6 7 9 11 12 | 12.4
Fighting       | 4 5 6 7 9 |  9.5
Armour         | 6 |  6.1
Shields        | 5 |  5.9

Action                   |  1- 3 |  4- 6 |  7- 9 || total
-------------------------+-------+-------+-------++-------
Melee: War axe           |    64 |   127 |   317 ||   508
       Hand axe          |       |    12 |       ||    12
Throw: Tomahawk          |       |       |     2 ||     2
Invok: Upheaval          |       |       |     1 ||     1
  Use: Potion            |     2 |     3 |     5 ||    10
 Stab: Distracted        |       |       |     1 ||     1
  Eat: Chunk             |     1 |     6 |     8 ||    15
